 Dungeon Crawl Stone Soup version 0.28.0-45-g0d030f2227 (webtiles) character file.

Game seed: 13476719016176189739

828 pkoi the Conjurer (level 7, 0/50 HPs)
             Began as a Demigod Conjurer on Apr 9, 2022.
             Slain by a hound (1 damage)
             ... on level 5 of the Dungeon.
             The game lasted 00:06:43 (5991 turns).

pkoi the Conjurer (Demigod Conjurer)                Turns: 5991, Time: 00:06:43

Health: 0/50       AC:  9    Str:  7 (8)  XL:     7   Next: 37%
Magic:  0/15       EV: 12    Int: 27 (28) God:
Gold:   225        SH:  0    Dex: 10 (12) Spells: 2/13 levels left

rFire   . . .      SeeInvis .   j - staff of conjuration
rCold   . . .      Faith    .   (no shield)
rNeg    . . .      Spirit   .   a - +0 robe
rPois   .          Reflect  .   g - +1 helmet
rElec   .          Harm     .   (no cloak)
rCorr   .          Rampage  .   (no gloves)
Will    .....                   (no boots)
Stlth   ++........              (no amulet)
HPRegen 0.16/turn               b - +4 ring of protection
MPRegen 0.14/turn               (no ring)

@: invisible
A: high MP 1, forlorn, divine attributes, hooves 1, shaggy fur 1, MP-powered
wands
a: no special abilities


You were on level 5 of the Dungeon.
You visited 1 branch of the dungeon, and saw 5 of its levels.

You collected 225 gold pieces.

Inventory:

Hand Weapons
 c - a +0 dagger
 k - a +1 dagger of venom
Armour
 a - a +0 robe (worn)
 g - a +1 helmet (worn)
Magical Staves
 j - a staff of conjuration (weapon)
Jewellery
 b - a +4 ring of protection (left hand)
Wands
 o - a wand of digging (7)
Scrolls
 e - a scroll of fear
 f - 2 scrolls of identify
 i - a scroll of teleportation {unknown}
Potions
 d - a potion of invisibility


   Skills:
 - Level 1.7 Dodging
 - Level 1.7 Stealth
 + Level 3.6 Spellcasting
 + Level 5.9 Conjurations
 * Level 2.7 Hexes
 * Level 4.1 Translocations


You had 2 spell levels left.
You knew the following spells:

 Your Spells              Type           Power      Damage    Failure   Level
a - Magic Dart            Conj           100%       1d8       1%          1
b - Searing Ray           Conj           100%       2d8       1%          2
c - Iskenderun's Mystic   Conj/Tloc      47%        2d10      11%         4
d - Fulminant Prism       Conj/Hex       21%        3d13      14%         4

Your spell library contained the following spells:

 Spells                   Type           Power      Damage    Failure   Level
 Ensorcelled Hibernation  Hex/Ice        24%        N/A       7%          2
 Passwall                 Tmut/Erth      3%         N/A       13%         2
 Dazzling Flash           Conj/Hex       84%        N/A       4%          3
 Swiftness                Air            4%         N/A       26%         3


Dungeon Overview and Level Annotations

Branches:
Dungeon (5/15)
 Temple: D:4-7

Shops:
D:5 (

Annotations:
D:4 2 transporters, AverageBear's ghost, amateur DDFi


Innate Abilities, Weirdness & Mutations

You have an increased reservoir of magic. (+10% MP)
You shall have no god before yourself.
Your divine heritage dramatically boosts your attributes as you level up.
You have large cloven feet.
You are covered in fur. (AC +1)
You expend magic power (3 MP) to strengthen your wands.


Message History

The hound is severely wounded.
The hound bites you.
* * * LOW HITPOINT WARNING * * *
Aiming: Magic Dart (safe; 1% risk of failure)
Press: ? - help, Q - select action, (/) - cycle Shift-Dir - straight line, f/p - hound
Aim: a hound (severely wounded, 100% to hit)
You feel a surge of power!
The magic dart hits the hound but does no damage.
The hound is severely wounded.
The hound bites you but does no damage. x2
You hear the slow rusting of a very distant drain.
You see here a hound corpse.
The hound bites you but does no damage.
Okay, then.
It was a potion of degeneration.
There was something very wrong with that liquid.
You feel weakened.
You feel dopey.
You feel clumsy. The hound bites you.
* * * LOW HITPOINT WARNING * * *
You fade into invisibility!
The hound bites you.
* * * LOW HITPOINT WARNING * * *
The hound bites you but does no damage. The hound bites you but does no damage.
Aiming: Magic Dart (safe; 1% risk of failure)
Press: ? - help, Q - select action, (/) - cycle Shift-Dir - straight line, f/p - hound
Aim: a hound (severely wounded, 100% to hit)
You feel a surge of power!
The magic dart hits the hound but does no damage.
The hound is severely wounded.
The hound bites you but does no damage.
You hit the hound. You kick the hound, but do no damage.
The hound is severely wounded.
The hound barely misses you. x2
You hit the hound but do no damage. You kick the hound.
The hound is almost dead.
The hound bites you.
* * * LOW HITPOINT WARNING * * *
The hound bites you.
You die...

...#...............
.............>.....!.
....................$###
.........#...........#
...................##
#................##
####..##..##.#..#.##
#.....#..##.........
#....@h†.###.#.###
#..#..#...# #.#.# #
#<##...# #.. # #.######
##. ..# # #... ..## ###


You could see a hound.

Vanquished Creatures
  Edmund (D:4)
  2 ice beasts
  2 black bears
  A centaur (D:5)
  A phantom (D:3)
  A hound (D:5)
  An orc wizard (D:4)
  4 adders
  2 worms (D:2)
  3 dart slugs
  5 orcs
  9 endoplasms
  6 giant cockroaches
  9 goblins
  5 hobgoblins
  8 jackals (D:1)
  8 kobolds
  2 quokkas
  9 ball pythons
  7 bats
  3 frilled lizards (D:1)
  5 rats
94 creatures vanquished.

Vanquished Creatures (others)
  4 demonic plants (D:1)
  3 fungi (D:1)
  3 plants (D:1)
  2 withered plants (D:1)
12 creatures vanquished.

Grand Total: 106 creatures vanquished

Notes
Turn   | Place    | Note
-------+----------+-------------------------------------------
     0 | D:1      | pkoi the Demigod Conjurer began the quest for the Orb.
     0 | D:1      | Reached XP level 1. HP: 14/14 MP: 5/5
   270 | D:1      | Reached XP level 2. HP: 2/20 MP: 0/7
   604 | D:1      | Reached skill level 4 in Conjurations
  1121 | D:1      | Learned a level 2 spell: Searing Ray
  1163 | D:1      | Reached XP level 3. HP: 26/26 MP: 3/9
  2722 | D:2      | Reached XP level 4. HP: 33/33 MP: 4/10
  2890 | D:2      | You fall into a shaft and drop 2 floors!
  3135 | D:3      | Noticed an ice beast
  3191 | D:4      | Learned a level 4 spell: Iskenderun's Mystic Blast
  3701 | D:4      | Reached skill level 1 in Translocations
  3708 | D:4      | HP: 1/33 [poisoned by an orc wizard]
  4008 | D:3      | Killed an ice beast
  4009 | D:3      | Reached skill level 5 in Conjurations
  4009 | D:3      | Reached XP level 5. HP: 12/38 MP: 1/12
  4770 | D:3      | Reached XP level 6. HP: 43/45 MP: 9/13
  4786 | D:3      | Learned a level 4 spell: Fulminant Prism
  5009 | D:4      | Reached skill level 1 in Hexes
  5390 | D:4      | Noticed Edmund
  5405 | D:4      | Identified a scroll of acquirement
  5405 | D:4      | Acquired a staff of conjuration
  5405 | D:4      | Noticed AverageBear's ghost (amateur DDFi)
  5431 | D:4      | Killed Edmund
  5432 | D:4      | Reached XP level 7. HP: 41/50 MP: 1/15
  5596 | D:4      | Found a transporter.
  5609 | D:4      | Found a transporter.
  5885 | D:5      | Entered Level 5 of the Dungeon
  5936 | D:5      | Found Jukeinen's Weapon Shoppe.
  5979 | D:5      | Gained mutation: You are covered in fur. (AC +1) [potion of
                  | mutation]
  5979 | D:5      | Gained mutation: You have large cloven feet. [potion of
                  | mutation]
  5979 | D:5      | Gained mutation: You expend magic power (3 MP) to
                  | strengthen your wands. [potion of mutation]
  5991 | D:5      | HP: 1/50 [hound (4)]
  5991 | D:5      | Slain by a hound

Illustrated notes

Levels and vault maps discovered:
D:1:      onia_arrival_mini_spirals, layout_rooms, shapermc_ecumenical_altar_gd
D:2:      layout_rooms, basic_altar, uniq_terence
D:3:      layout_rooms, old_standard_altar
D:4:      layout_loops_corners, mainiacjoe_overflow_alcove_4,
          gammafunk_ghost_arena, uniq_edmund
D:5:      layout_rooms, mainiacjoe_overflow_tiny_flanked,
          minmay_temple_entry_proselytizer, portal_sewer_entry_a, serial_shops,
          shop_statue, nicolae_shop_crystal, nicolae_diamond_shop,
          kennysheep_little_box, uniq_duvessa, uniq_pikel

Skill      XL: |  1  2  3  4  5  6  7 |
---------------+----------------------+-----
Spellcasting   | 2 3 |  3.6
Conjurations   | 4 5 |  5.9
Translocations | 2 3 4 |  4.1
Hexes          | 2 |  2.7
Dodging        | |  1.7
Stealth        | |  1.7

Action                   |  1- 3 |  4- 6 |  7- 9 || total
-------------------------+-------+-------+-------++-------
Melee: Dagger            |    65 |     7 |       ||    72
       Staff             |       |       |     9 ||     9
       Kick              |       |       |     4 ||     4
 Cast: Magic Dart        |   113 |    86 |    18 ||   217
       Searing Ray       |       |     9 |     2 ||    11
       Iskenderun's Myst |       |       |     1 ||     1
  Use: Scroll            |     3 |     6 |       ||     9
       Potion            |     3 |     3 |     3 ||     9
Armor: Robe              |    20 |    15 |    14 ||    49
       Skin              |       |     3 |       ||     3
Dodge: Dodged            |    50 |    27 |    24 ||   101
